Unix NetHack Version 3.7.0-88 Work-in-progress - last build Aug 2 2023 11:53:20 (50dcb167e66cc4b65203c8f4589b38ca9541e2bd,branch:master). Game began 2023-08-05 15:07:33, ended 2023-08-05 15:28:45. Ashpool, neutral female human Tourist ----- --- -... . | |...- .---- .| ....| ----.|..| .| |...| ..|.|..| .| |...| --+- .|.--|- ----.| |...--+--..| .|....--+--..... |.......)..| .|.............| |........{.-----|-.{...........| |..............................- |...-[---......)G.@.--+-|---...| |...|.`.|-------@---| |.. |...| |...|)((| |%.@-G|..| |/"?|...| |...|.((| |%..|G-..|--|$%!|...| |...------+-----.----..-----...| |......%.))....`...............| -------------------------------- Ashpool the Sightseer St:11 Dx:11 Co:18 In:14 Wi:10 Ch:14 Neutral Dlvl:8 $:692 HP:0(42) Pw:20(20) AC:4 Xp:5/186 T:3227 Latest messages: You miss the raven. The raven bites! The raven bites! In what direction? The dart hits the raven. In what direction? The dart hits the raven! In what direction? In what direction? The dart misses. What do you want to use or apply? [bmnAMV or ?*] Improvise? [ynq] (q) You start playing your bugle. You extract a loud, familiar noise from your bugle. You hear the rattle of battle gear being readied. You hear the rattle of battle gear being readied. You hear the rattle of battle gear being readied. You hear the rattle of battle gear being readied. You hear the rattle of battle gear being readied. Please move the cursor to an unknown object. (For instructions type a '?') Please move the cursor to an unknown object. (For instructions type a '?') You don't find anything here to loot. You can see again. Behemoth bites the watchman. Behemoth bites the watchman. The watchman wields a short sword! Please move the cursor to an unknown object. (For instructions type a '?') Unknown direction: 'M-l' (aborted). Done. Please move the cursor to an unknown object. (For instructions type a '?') Unknown direction: 'M-l' (aborted). Done. Behemoth bites the watchman. The watchman thrusts his short sword at Behemoth. The watchman hits Behemoth. The gnome misses! The watchman throws a dagger! The dagger misses the gnome. You are hit by a dagger. You hear some noises in the distance. The gnome hits! The gnomish wizard casts a spell at thin air! The gnomish wizard casts a spell at you! Your head suddenly aches painfully! You die... Djasinga looks at your corpse and sighs. Inventory: Coins ('$') $ - 692 gold pieces Amulets ('"') y - an uncursed amulet of unchanging (being worn) Weapons (')') a - 28 uncursed +2 darts (at the ready) C - an uncursed +0 mace (weapon in hand) Armor ('[') T - an uncursed +0 pair of iron shoes (being worn) H - an uncursed +0 scale mail (being worn) Comestibles ('%') F - an uncursed carrot R - 4 uncursed food rations X - an uncursed food ration f - an uncursed fortune cookie d - 2 uncursed tripe rations c - an uncursed egg Scrolls ('?') S - a blessed scroll of blank paper O - an uncursed scroll of enchant armor K - a cursed scroll of enchant weapon k - a blessed scroll of magic mapping j - 3 uncursed scrolls of magic mapping G - an uncursed scroll of magic mapping N - a blessed scroll of punishment Potions ('!') i - 2 uncursed potions of extra healing D - an uncursed potion of gain energy W - an uncursed potion of gain level E - 2 uncursed potions of healing I - an uncursed potion of restore ability Wands ('/') A - a blessed wand of light (0:14) Tools ('(') b - an uncursed bugle V - an uncursed blindfold n - an uncursed credit card m - an uncursed expensive camera (0:41) M - an uncursed skeleton key Gems/Stones ('*') U - an uncursed worthless piece of blue glass x - 2 uncursed worthless pieces of orange glass P - an uncursed worthless piece of white glass q - an uncursed worthless piece of yellow glass Ashpool the Tourist's attributes: Background: You were a Sightseer, a level 5 female human Tourist. You were neutral, nominally on a mission for The Lady who was opposed by Blind Io (lawful) and Offler (chaotic). You were in the Gnomish Mines, on level 8. You entered the dungeon 3227 turns ago. You had 186 experience points, 134 more were needed to attain level 6. Basics: You had 0 out of 42 hit points. You had all 20 energy points (spell power). Your armor class was 4. Your wallet contained 692 zorkmids. Autopickup was on for '$"?' plus thrown, with exceptions. Final Characteristics: Your strength was 11 (limit:18/100). Your dexterity was 11 (limit:18). Your constitution was 18 (limit:18). Your intelligence was 14 (limit:18). Your wisdom was 10 (limit:18). Your charisma was 14 (limit:18). Final Status: You were not hungry. You were unencumbered. You were wielding a mace. You had basic skill with mace. Final Attributes: You were piously aligned. You were telepathic. You were warded. You could not change from your current form. You are dead. Miscellaneous: You disabled loading of bones levels. Total elapsed playing time was 20 minutes and 34 seconds. Major events: Turn 1: Ashpool the neutral female human Tourist entered the dungeon 1751: entered the Gnomish Mines 2737: attained the rank of Sightseer (level 3) 2999: reached Mine Town 3227: killed by a gnomish wizard Vanquished creatures: 2 gnome leaders a gnomish wizard a floating eye 3 dwarves a homunculus an acid blob a gas spore a large kobold a giant rat a cave spider 14 gnomes 2 geckos a jackal 2 foxes a goblin a sewer rat 6 grid bugs 5 lichens a kobold zombie 3 newts 49 creatures vanquished. No species were genocided or became extinct. Voluntary challenges: You were an atheist. You read items or engraved 9 times. You engraved Elbereth 6 times. You never genocided any monsters. You never polymorphed an object. You never changed form. You used no wishes. Achievements: You entered the Gnomish Mines. You attained the rank of Sightseer. You entered Minetown. You entered a shop. The Dungeons of Doom: levels 1 to 6 Level 1: Level 2: Level 3: Level 4: A fountain. Stairs down to The Gnomish Mines. Level 5: Level 6: The Gnomish Mines: levels 5 to 8 Level 5: Level 6: Level 8: <- You were here. A shop, some fountains. Final resting place for you, killed by a gnomish wizard. Game over: ---------- / \ / REST \ / IN \ / PEACE \ / \ | Ashpool | | 692 Au | | killed by a | | gnomish wizard | | | | | | 2023 | *| * * * | * _________)/\\_//(\/(/\)/\//\/|_)_______ Aloha Ashpool the Tourist... You died in The Gnomish Mines on dungeon level 8 with 1482 points, and 692 pieces of gold, after 3227 moves. You were level 5 with a maximum of 42 hit points when you died.